 Dungeon Crawl Stone Soup version 0.21.1-1-g345015f (webtiles) character file.

18 Krilegs the Firebug (level 2, 0/20 HPs)
             Began as a Hill Orc Fire Elementalist on May 7, 2018.
             Slain by a leopard gecko skeleton (1 damage)
             ... on level 2 of the Dungeon.
             The game lasted 00:03:58 (1492 turns).

Krilegs the Firebug (Hill Orc Fire Elementalist)    Turns: 1492, Time: 00:03:59

Health: 0/20       AC:  2    Str: 10    XL:     2   Next: 70%
Magic:  1/4        EV: 12    Int: 15    God:
Gold:   99         SH:  0    Dex: 11    Spells: 1/4 levels left

rFire    . . .     SeeInvis .   e - +0 dagger
rCold    . . .     Gourm    .   (no shield)
rNeg     . . .     Faith    .   a - +0 robe
rPois    .         Spirit   .   (no helmet)
rElec    .         Reflect  .   (no cloak)
rCorr    .         Harm     .   (no gloves)
MR       .....                  (no boots)
Stlth    ++........             (no amulet)
HPRegen  0.06/turn              (no ring)
MPRegen  0.09/turn              (no ring)

@: no status effects
A: no striking features
a: no special abilities


You were on level 2 of the Dungeon.
You were not hungry.

You visited 1 branch of the dungeon, and saw 2 of its levels.

You collected 99 gold pieces.

Inventory:

Hand Weapons
 e - a +0 dagger (weapon)
Armour
 a - a +0 robe (worn)
Wands
 k - a wand of iceblast (4)
Scrolls
 d - a scroll of random uselessness {unknown}
 f - 2 scrolls of enchant armour {unknown}
 g - a scroll of enchant weapon {unknown}
 i - 2 scrolls of identify {unknown}
Potions
 h - a potion of invisibility {unknown}
 j - a potion of agility {unknown}
Books
 b - a book of Flames

   Spells                             Type                      Level
   a - Flame Tongue                   Conjuration/Fire             1
   b - Throw Flame                    Conjuration/Fire             2
   c - Conjure Flame                  Conjuration/Fire             3
   d - Inner Flame                    Hexes/Fire                   3
   e - Sticky Flame                   Conjuration/Fire             4
   f - Fireball                       Conjuration/Fire             5


   Skills:
 + Level 2.0 Dodging
 + Level 1.5 Stealth
 + Level 0.3 Unarmed Combat
 + Level 1.7 Spellcasting
 + Level 1.2 Conjurations
 + Level 3.6 Fire Magic


You had one spell level left.
You knew the following spells:

 Your Spells              Type           Power        Failure   Level  Hunger
a - Flame Tongue          Conj/Fire      #....        9%          1    ##.....
b - Throw Flame           Conj/Fire      #.....       13%         2    ###....


Dungeon Overview and Level Annotations

Branches:
Dungeon (2/15)

Altars:
Kikubaaqudgha
Yredelemnul

Annotations:
D:2 1 transporter, Menkaure


Message History

The flame tongue hits Menkaure.
Menkaure is burned terribly!
Menkaure is heavily damaged.
You hit Menkaure but do no damage.
Menkaure is heavily damaged.
The leopard gecko skeleton barely misses you.
You hit Menkaure.
Menkaure is heavily damaged.
The leopard gecko skeleton bites you. Menkaure casts a spell at you.
Pain shoots through your body!
You hit Menkaure.
Menkaure is severely damaged.
The leopard gecko skeleton bites you but does no damage.
Menkaure hits you!
Ouch! That really hurt!
* * * LOW HITPOINT WARNING * * *
You hit Menkaure.
Menkaure is severely damaged.
The leopard gecko skeleton bites you.
You die...

############
#...........
#.##########
#.#©........
#.#@Z.....$.
#.#M.###.###
#.#_.# #
#..#[..
#..©#⌠$..
#...#(....
#.#.#_.#8#.
#.#.#$.###.#


You could see Menkaure and a leopard gecko skeleton.

Vanquished Creatures
  A giant cockroach (D:1)
  2 goblins (D:1)
  2 hobgoblins (D:1)
  3 jackals (D:1)
  3 bats (D:1)
  3 frilled lizards (D:1)
  A kobold (D:1)
  3 rats (D:1)
18 creatures vanquished.

Notes
Turn   | Place    | Note
-------+----------+-------------------------------------------
     0 | D:1      | Krilegs the Hill Orc Fire Elementalist began the quest for the Orb.
     0 | D:1      | Reached XP level 1. HP: 14/14 MP: 3/3
    93 | D:1      | Reached XP level 2. HP: 3/20 MP: 0/4
   599 | D:1      | Learned a level 2 spell: Throw Flame
  1483 | D:2      | Found a transporter.
  1483 | D:2      | Found an ancient bone altar of Kikubaaqudgha.
  1483 | D:2      | Found a basalt altar of Yredelemnul.
  1483 | D:2      | Noticed Menkaure
  1491 | D:2      | HP: 1/20 [Menkaure (16)]
  1492 | D:2      | Slain by a leopard gecko skeleton

Skill      XL: |  1  2 |
---------------+-------+-----
Dodging        | 2 |  2.0
Stealth        | |  1.5
Unarmed Combat | |  0.3
Spellcasting   | |  1.7
Conjurations   | |  1.2
Fire Magic     | |  3.6

Action                   || total
-------------------------++-------
Melee: Unarmed           ||    14
       Dagger            ||    13
 Cast: Flame Tongue      ||    20
       Throw Flame       ||     3
  Eat: Ration            ||     1
       Chunk             ||     1
Armor: Robe              ||     9
Dodge: Dodged            ||    30
